 Dungeon Crawl Stone Soup version 0.31-a0-358-gac0dbeb3ab (webtiles) character file.

Game seed: 16558426351928330074

1288 IndexError the Caller (level 8, -2/52 HPs)
             Began as a Gnoll Summoner on July 25, 2023.
             Was a Follower of Hepliaklqana.
             Slain by an orc warrior
             ... wielding a +0 dire flail
              (11 damage)
             ... on level 6 of the Dungeon.
             The game lasted 00:14:09 (6322 turns).

IndexError the Caller (Gnoll Summoner)              Turns: 6322, Time: 00:14:10

Health: -2/52      AC:  4    Str:  7    XL:     8   Next: 55%
Magic:  9/17       EV: 14    Int: 17    God:    Hepliaklqana [*.....]
Gold:   329        SH:  0    Dex: 13    Spells: 11/19 levels left

rFire   . . .        o - +0 trident
rCold   . . .        (no shield)
rNeg    . . .        a - +0 robe
rPois   .            m - +0 helmet
rElec   .            y - +0 cloak
rCorr   .            (no gloves)
SInv    .            (no boots)
Will    .....        l - amulet of regeneration {+regen, !d}
Stlth   +++          r - +4 ring of slaying
HPRegen 1.08/turn    (no ring)
MPRegen 0.15/turn

%: no passive effects
@: no status effects
A: reduced essence, fangs 1, strong nose, distributed training
a: Renounce Religion, Recall Ancestor, Ancestor Identity


You were on level 6 of the Dungeon.
You worshipped Hepliaklqana.
Hepliaklqana was aware of your devotion.
You visited 2 branches of the dungeon, and saw 7 of its levels.

You collected 329 gold pieces.

Inventory:

Hand Weapons
 n - a +0 whip of flaming
   (You took it off a kobold on level 2 of the Dungeon)
 o - a +0 trident (weapon)
   (You found it on level 2 of the Dungeon)
 s - a +5 rapier of venom
   (You took it off Eustachio on level 4 of the Dungeon)
Missiles
 v - 2 throwing nets {=f, !d}
Armour
 a - a +0 robe (worn)
 m - a +0 helmet (worn)
   (You took it off Robin on level 2 of the Dungeon)
 y - a +0 cloak (worn)
   (You took it off Crazy Yiuf on level 5 of the Dungeon)
Jewellery
 c - an amulet of the acrobat
   (You found it on level 1 of the Dungeon)
 l - an amulet of regeneration (around neck) {+regen, !d}
   (You found it on level 2 of the Dungeon)
 r - a +4 ring of slaying (left hand)
   (You found it on level 4 of the Dungeon)
Wands
 w - a wand of paralysis (10)
   (You took it off Ijyb on level 5 of the Dungeon)
Scrolls
 d - a scroll of noise {unknown}
 e - a scroll of revelation {unknown}
 f - a scroll of immolation {unknown}
 g - 4 scrolls of identify {unknown}
 j - 3 scrolls of enchant armour {unknown}
 k - a scroll of summoning {unknown}
 p - 3 scrolls of fog {unknown}
 u - 2 scrolls of blinking {unknown}
Potions
 b - a potion of magic
 h - a potion of berserk rage {unknown}
 i - a potion of haste {unknown}
 q - a potion of brilliance {unknown}
 t - a potion of heal wounds {unknown}
 x - 2 potions of mutation {unknown}
 z - a potion of curing {unknown}


   Skills:
 + Level 3.4 Fighting
 + Level 3.4 Short Blades
 + Level 3.4 Long Blades
 + Level 3.4 Axes
 + Level 3.4 Maces & Flails
 + Level 3.4 Polearms
 + Level 3.4 Staves
 + Level 3.4 Ranged Weapons
 + Level 3.4 Throwing
 + Level 3.4 Armour
 + Level 5.8 Dodging
 + Level 5.4 Stealth
 + Level 3.4 Shields
 + Level 3.4 Unarmed Combat
 + Level 6.1 Spellcasting
 + Level 2.8 Conjurations
 + Level 2.8 Hexes
 + Level 7.7 Summonings
 + Level 2.8 Necromancy
 + Level 2.8 Translocations
 + Level 2.8 Transmutations
 + Level 2.8 Fire Magic
 + Level 2.8 Ice Magic
 + Level 2.8 Air Magic
 + Level 2.8 Earth Magic
 + Level 2.8 Poison Magic
 + Level 3.8 Invocations
 + Level 3.4 Evocations
 + Level 2.8 Shapeshifting


You had 11 spell levels left.
You knew the following spells:

 Your Spells              Type           Power      Damage    Failure   Level
a - Summon Small Mammal   Summ           100%       N/A       1%          1
b - Call Canine Familiar  Summ           31%        N/A       1%          3
c - Call Imp              Summ           62%        N/A       1%          2
d - Blink                 Tloc           28%        N/A       6%          2

Your spell library contained the following spells:

 Spells                   Type           Power      Damage    Failure   Level
 Magic Dart               Conj           56%        1d5       4%          1
 Summon Guardian Golem    Hex/Summ       23%        N/A       4%          3
 Lesser Beckoning         Tloc           28%        N/A       6%          2
 Momentum Strike          Conj/Tloc      28%        3d8       6%          2
 Scorch                   Fire           28%        2d6       6%          2
 Searing Ray              Conj           28%        2d5       6%          2
 Summon Lightning Spire   Summ/Air       23%        N/A       14%         4
 Flame Wave               Conj/Fire      14%        2d6       36%         4
 Fulminant Prism          Conj/Hex       7%         3d7       36%         4
 Summon Forest            Summ/Tloc      11%        N/A       38%         5
 Summon Mana Viper        Hex/Summ       23%        N/A       38%         5
 Summon Cactus Giant      Summ           15%        N/A       63%         6


Dungeon Overview and Level Annotations

Branches:
Dungeon (6/15)             Temple (1/1) D:4

Altars:
Ashenzari
Cheibriados
Dithmenos
Elyvilon
Fedhas
Gozag
Hepliaklqana
Kikubaaqudgha
Makhleb
Nemelex Xobeh
Qazlal
Ru
Sif Muna
Trog
Uskayaw
Vehumet
Wu Jian
Yredelemnul
Zin
The Shining One

Shops:
D:1 (

Annotations:
D:3 2 runed translucent doors, disskorpion's ghost, amateur GnHu


Innate Abilities, Weirdness & Mutations

Your life essence is reduced to manifest your ancestor. (-10% HP)
You have very sharp teeth.
Your uncanny sense of smell can sniff out nearby items.
Your experience applies equally to all skills.


Message History

You take 3 damage, and have 31/52 hp.
You are too injured to fight recklessly!
You hit something.
Your hound bites something.
Your cerulean imp closely misses the orc warrior.
The orc wizard barely misses your hound.
You hear some strange, mumbled words.
Something tries to affect you, but you resist.
The orc warrior hits you with a +0 dire flail!
Your quokka misses something.
Your rat bites the orc warrior but does no damage.
Your hound bites something.
You take 10 damage, and have 21/52 hp.
You closely miss something.
Your cerulean imp hits the orc warrior but does no damage.
Your quokka bites something.
Reactivating autopickup.
You feel a bit more experienced.
Your hound completely misses the orc wizard.
The orc wizard barely misses your hound.
The orc barely misses you.
The orc warrior hits you with a +0 dire flail!
* * * LOW HITPOINT WARNING * * *
Your rat closely misses the orc warrior.
You take 8 damage, and have 13/52 hp.
Your cerulean imp hits the orc warrior but does no damage.
The orc hits your quokka with a +0 flail.
The orc warrior hits your rat with a +0 dire flail!
Your rat's corpse disappears in a puff of smoke!
Your hound misses the orc wizard.
Your quokka bites the orc warrior but does no damage.
A gnoll comes into view. It is wielding a +0 halberd.
Your cerulean imp misses the orc warrior.
Your hound bites the orc wizard but does no damage.
The orc barely misses your quokka.
Your quokka bites the orc warrior but does no damage.
Your hound bites the orc wizard.
Your cerulean imp barely misses the orc warrior.
The orc wizard hits your quokka with a +0 dagger.
Your quokka's corpse disappears in a puff of smoke!
Your hound barely misses the orc wizard.
Your cerulean imp barely misses the orc warrior.
Your hound bites the orc wizard.
Your cerulean imp hits the orc with a -1 spear.
The orc warrior hits you with a +0 dire flail!
* * * LOW HITPOINT WARNING * * *
The orc wizard gestures wildly while chanting.
The orc wizard flickers and vanishes!
Deactivating autopickup; reactivate with Ctrl-A.
Your hound bites something.
You take 6 damage, and have 11/52 hp.
Your hound bites something but does no damage.
Something hits your cerulean imp.
Your hound bites something.
Your hound bites something.
Your cerulean imp hits the orc warrior but does no damage.
You are too injured to fight recklessly!
Casting: Summon Small Mammal (safe; 1% risk of failure)
Confirm with . or Enter, or press ? or * to list all spells.
Your hound disappears in a puff of smoke!
You now have 9/17 mp.
You swap places.
Your cerulean imp hits the orc with a -1 spear.
Your hound bites the orc warrior but does no damage.
Your hound bites the orc warrior but does no damage.
The orc warrior hits you with a +0 dire flail!
* * * LOW HITPOINT WARNING * * *
Your hound bites the orc warrior.
You take 8 damage, and have 9/52 hp.
The orc warrior attacks as you move away!
The orc warrior barely misses you.
Your cerulean imp closely misses the orc warrior.
Your hound completely misses the orc warrior.
The orc warrior attacks as you move away!
The orc warrior closely misses you.
Casting: Call Canine Familiar (safe; 1% risk of failure)
Confirm with . or Enter, or press ? or * to list all spells.
Your hound bites the orc warrior but does no damage.
Your cerulean imp barely misses the orc warrior.
The orc warrior hits you with a +0 dire flail!
* * * LOW HITPOINT WARNING * * *
Your hound bites the orc warrior but does no damage.
You take 9 damage, and have 3/52 hp.
You now have 9/17 mp.
Casting: Summon Small Mammal (safe; 1% risk of failure)
Confirm with . or Enter, or press ? or * to list all spells.
Your cerulean imp hits the orc warrior from afar with a -1 spear.
The orc warrior closely misses you.
Your hound closely misses the orc warrior.
You swap places.
Your rat completely misses the orc warrior.
You regained 2 hp, and now have 6/52 hp.
Your rat misses the orc warrior.
The orc warrior attacks as you move away!
The orc warrior hits you with a +0 dire flail.
* * * LOW HITPOINT WARNING * * *
Your hound bites the orc warrior.
You take 1 damage, and have 6/52 hp.
Your hound barely misses the orc warrior.
Something misses your cerulean imp.
The orc warrior attacks as you move away!
The orc warrior hits you with a +0 dire flail!
You die...

......<..#
......#### .....##
###..## ##..#
####### #.)##
###.....## ##..##
##........# ##..#
###......##.##
#.5####.rho@...#...#
##..#..5.r.........#
#.R...##........###
##..######.....##
##..## #....##
#....# ##....#
###..#####.....#
##...........#
##..........#


You could see an orc warrior (ally target), a friendly hound (summoned), a
friendly cerulean imp (summoned) and 2 friendly rats.

Vanquished Creatures
  Eustachio (D:4)
  An ice beast (D:5)
  A phantom (D:5)
  Blork the orc (D:5)
  A scorpion (D:4)
  2 hounds
  A jelly (D:4)
  2 iguanas
  An adder (D:5)
  An ufetubus (D:5)
  A worm (D:2)
  A dart slug (D:1)
  10 orcs
  2 ball pythons (D:4)
  2 giant cockroaches (D:3)
  4 goblins
  6 hobgoblins
  A jackal (D:2)
  5 kobolds
  2 quokkas (D:3)
  2 bats (D:1)
  A frilled lizard (D:2)
  3 rats
52 creatures vanquished.

Vanquished Creatures (collateral kills)
  A bullfrog (D:6)
  A scorpion (D:5)
  A hound (D:6)
  2 orc priests
  Crazy Yiuf (D:5)
  2 jellies (D:6)
  Ijyb (D:5)
  An iguana (D:6)
  7 orc wizards
  Robin (D:2)
  3 adders
  3 worms (D:2)
  3 dart slugs
  11 orcs
  3 endoplasms
  A giant cockroach (D:2)
  11 goblins
  5 hobgoblins
  A jackal (D:2)
  9 kobolds
  A quokka (D:4)
  4 ball pythons
  A bat (D:1)
  2 frilled lizards
76 creatures vanquished.

Grand Total: 128 creatures vanquished

Notes
Turn   | Place    | Note
-------+----------+-------------------------------------------
     0 | D:1      | IndexError the Gnoll Summoner began the quest for the Orb.
     0 | D:1      | Reached XP level 1. HP: 13/13 MP: 6/6
   461 | D:1      | Reached XP level 2. HP: 17/20 MP: 4/7
   765 | D:1      | Reached skill level 5 in Spellcasting
   765 | D:1      | Reached XP level 3. HP: 25/25 MP: 6/9
   858 | D:1      | Found Osaxtiho's Weapon Boutique.
   989 | D:1      | You fall into a shaft and drop 1 floor!
   989 | D:2      | Found a glowing golden altar of the Shining One.
  1148 | D:1      | Reached skill level 1 in Invocations
  1151 | D:1      | Learned a level 2 spell: Call Imp
  1155 | D:1      | Learned a level 3 spell: Call Canine Familiar
  1399 | D:2      | Reached skill level 1 in Fighting
  1399 | D:2      | Reached skill level 1 in Short Blades
  1399 | D:2      | Reached skill level 1 in Long Blades
  1399 | D:2      | Reached skill level 1 in Axes
  1399 | D:2      | Reached skill level 1 in Maces & Flails
  1399 | D:2      | Reached skill level 1 in Polearms
  1399 | D:2      | Reached skill level 1 in Staves
  1399 | D:2      | Reached skill level 1 in Ranged Weapons
  1399 | D:2      | Reached skill level 1 in Throwing
  1399 | D:2      | Reached skill level 1 in Armour
  1399 | D:2      | Reached skill level 1 in Shields
  1399 | D:2      | Reached skill level 1 in Unarmed Combat
  1399 | D:2      | Reached skill level 1 in Evocations
  1462 | D:2      | Reached XP level 4. HP: 32/32 MP: 8/11
  1622 | D:2      | Noticed Robin
  1638 | D:2      | Reached skill level 1 in Conjurations
  1638 | D:2      | Reached skill level 1 in Hexes
  1638 | D:2      | Reached skill level 1 in Necromancy
  1638 | D:2      | Reached skill level 1 in Translocations
  1638 | D:2      | Reached skill level 1 in Transmutations
  1638 | D:2      | Reached skill level 1 in Fire Magic
  1638 | D:2      | Reached skill level 1 in Ice Magic
  1638 | D:2      | Reached skill level 1 in Air Magic
  1638 | D:2      | Reached skill level 1 in Earth Magic
  1638 | D:2      | Reached skill level 1 in Poison Magic
  1638 | D:2      | Reached skill level 1 in Shapeshifting
  1645 | D:2      | Killed Robin
  1759 | D:2      | Found a faded altar of an unknown god.
  2468 | D:3      | Reached XP level 5. HP: 32/37 MP: 9/12
  2659 | D:3      | Found a runed translucent door.
  2760 | D:3      | Found a runed translucent door.
  2770 | D:3      | Noticed disskorpion's ghost (amateur GnHu)
  3145 | D:3      | Learned a level 2 spell: Blink
  3211 | D:3      | Found a broken altar of Ashenzari.
  3211 | D:3      | Found a bloodstained altar of Trog.
  3420 | D:4      | Reached skill level 2 in Invocations
  3650 | D:4      | Reached XP level 6. HP: 44/44 MP: 7/13
  3865 | D:4      | Noticed Eustachio
  3934 | D:4      | Killed Eustachio
  3935 | D:4      | Reached skill level 2 in Fighting
  3935 | D:4      | Reached skill level 2 in Short Blades
  3935 | D:4      | Reached skill level 2 in Long Blades
  3935 | D:4      | Reached skill level 2 in Axes
  3935 | D:4      | Reached skill level 2 in Maces & Flails
  3935 | D:4      | Reached skill level 2 in Polearms
  3935 | D:4      | Reached skill level 2 in Staves
  3935 | D:4      | Reached skill level 2 in Ranged Weapons
  3935 | D:4      | Reached skill level 2 in Throwing
  3935 | D:4      | Reached skill level 2 in Armour
  3935 | D:4      | Reached skill level 5 in Dodging
  3935 | D:4      | Reached skill level 2 in Shields
  3935 | D:4      | Reached skill level 2 in Unarmed Combat
  3935 | D:4      | Reached skill level 2 in Evocations
  4013 | D:4      | Found a staircase to the Ecumenical Temple.
  4029 | Temple   | Found a transporter.
  4029 | Temple   | Found a transporter.
  4029 | Temple   | Found a transporter.
  4029 | Temple   | Found a transporter.
  4029 | Temple   | Entered the Ecumenical Temple
  4067 | Temple   | Became a worshipper of Hepliaklqana the Forgotten
  4189 | D:4      | Reached XP level 7. HP: 50/50 MP: 12/15
  4720 | D:5      | Entered Level 5 of the Dungeon
  4851 | D:5      | Reached skill level 2 in Conjurations
  4851 | D:5      | Reached skill level 2 in Hexes
  4851 | D:5      | Reached skill level 2 in Necromancy
  4851 | D:5      | Reached skill level 2 in Translocations
  4851 | D:5      | Reached skill level 2 in Transmutations
  4851 | D:5      | Reached skill level 2 in Fire Magic
  4851 | D:5      | Reached skill level 2 in Ice Magic
  4851 | D:5      | Reached skill level 2 in Air Magic
  4851 | D:5      | Reached skill level 2 in Earth Magic
  4851 | D:5      | Reached skill level 2 in Poison Magic
  4851 | D:5      | Reached skill level 2 in Shapeshifting
  5000 | D:5      | Noticed Ijyb
  5012 | D:5      | Killed Ijyb
  5049 | D:5      | Reached skill level 5 in Stealth
  5119 | D:5      | Reached skill level 3 in Invocations
  5345 | D:5      | Noticed Blork the orc
  5366 | D:5      | Killed Blork the orc
  5480 | D:5      | Found an ornate altar of the Wu Jian Council.
  5553 | D:5      | Reached skill level 3 in Fighting
  5553 | D:5      | Reached skill level 3 in Short Blades
  5553 | D:5      | Reached skill level 3 in Long Blades
  5553 | D:5      | Reached skill level 3 in Axes
  5553 | D:5      | Reached skill level 3 in Maces & Flails
  5553 | D:5      | Reached skill level 3 in Polearms
  5553 | D:5      | Reached skill level 3 in Staves
  5553 | D:5      | Reached skill level 3 in Ranged Weapons
  5553 | D:5      | Reached skill level 3 in Throwing
  5553 | D:5      | Reached skill level 3 in Armour
  5553 | D:5      | Reached skill level 3 in Shields
  5553 | D:5      | Reached skill level 3 in Unarmed Combat
  5553 | D:5      | Reached skill level 3 in Evocations
  5553 | D:5      | Reached XP level 8. HP: 58/58 MP: 10/16
  5696 | D:5      | Found a runed translucent door.
  5697 | D:5      | Noticed Crazy Yiuf
  5802 | D:5      | Killed Crazy Yiuf
  6081 | D:6      | Reached skill level 6 in Spellcasting
  6155 | D:6      | Reached * piety under Hepliaklqana
  6298 | D:6      | HP: 13/52 [orc warrior/+0 dire flail (9)]
  6303 | D:6      | HP: 11/52 [orc warrior/+0 dire flail (8)]
  6310 | D:6      | HP: 9/52 [orc warrior/+0 dire flail (9)]
  6314 | D:6      | HP: 3/52 [orc warrior/+0 dire flail (10)]
  6322 | D:6      | Slain by an orc warrior

Illustrated notes

Levels and vault maps discovered:
D:1:      sevenhm_arrival_forest_fort_small_4, layout_loops_corners,
          serial_shops, nicolae_shop_trees, minmay_pentomino_v4
D:2:      layout_rooms, ebering_ecumenical_altar_ruins, basic_altar,
          hangedman_decor_slide_cut, roderic_serpentine_path, minmay_liquid_box,
          wander_ebering_terrifying_dragon_lair, uniq_robin
D:3:      layout_basic, gammafunk_temple_overflow_elements,
          ebering_ghost_sewer_f
D:4:      layout_loops_ring, minmay_temple_entry_offerings, uniq_eustachio
D:5:      layout_basic, marbit_many_paths, uniq_crazy_yiuf_cottage, uniq_ijyb,
          uniq_blork_the_orc
D:6:      layout_layer_cave, minivault_24, kb_rosetta, uniq_pikel
Temple:   hellmonk_temple_divided_pantheon

Skill      XL: |  1  2  3  4  5  6  7  8 |
---------------+-------------------------+-----
Spellcasting   | 5 6 |  6.1
Invocations    | 1 2 3 |  3.8
Fighting       | 1 2 3 |  3.4
Short Blades   | 1 2 3 |  3.4
Long Blades    | 1 2 3 |  3.4
Axes           | 1 2 3 |  3.4
Maces & Flails | 1 2 3 |  3.4
Polearms       | 1 2 3 |  3.4
Staves         | 1 2 3 |  3.4
Ranged Weapons | 1 2 3 |  3.4
Throwing       | 1 2 3 |  3.4
Armour         | 1 2 3 |  3.4
Shields        | 1 2 3 |  3.4
Unarmed Combat | 1 2 3 |  3.4
Evocations     | 1 2 3 |  3.4
Conjurations   | 1 2 |  2.8
Hexes          | 1 2 |  2.8
Necromancy     | 1 2 |  2.8
Translocations | 1 2 |  2.8
Transmutations | 1 2 |  2.8
Fire Magic     | 1 2 |  2.8
Ice Magic      | 1 2 |  2.8
Air Magic      | 1 2 |  2.8
Earth Magic    | 1 2 |  2.8
Poison Magic   | 1 2 |  2.8
Shapeshifting  | 1 2 |  2.8
Dodging        | 5 |  5.8
Stealth        | 5 |  5.4
Summonings     | |  7.7

Action                     |  1- 3 |  4- 6 |  7- 9 || total
---------------------------+-------+-------+-------++-------
  Melee: Dagger            |    38 |       |       ||    38
         Bite              |     2 |     6 |    10 ||    18
         Trident           |     7 |    79 |    76 ||   162
         Punch             |     2 |     2 |     2 ||     6
         Whip              |       |     4 |       ||     4
   Cast: Summon Small Mamm |    37 |    12 |    14 ||    63
         Call Canine Famil |     4 |    20 |    29 ||    53
         Call Imp          |       |     6 |     9 ||    15
 Invoke: Ancestor Identity |       |       |     1 ||     1
   Stab: Sleeping          |     2 |     7 |       ||     9
         Distracted        |       |       |     3 ||     3
 Armour: Robe              |     4 |    14 |    11 ||    29
  Dodge: Dodged            |    42 |    51 |    46 ||   139

Table legend: (Time is in decaauts)
 A = Elapsed time spent in this place.
 B = Non-inter-level travel time spent in this place.
 C = Inter-level travel time spent in this place.
 D = Time resting spent in this place.
 E = Time spent auto-exploring this place.
 F = Levels seen in this place.
 G = Mean time per level.
                   A        B        C        D        E       F      G
               +--------+--------+--------+--------+--------+-----+--------+
         Total |   6363 |   5737 |    626 |      0 |   4496 |   7 |  909.0 |
       Dungeon |   6305 |   5693 |    612 |      0 |   4496 |   6 | 1050.8 |
        Temple |     57 |     43 |     14 |      0 |      0 |   1 |   57.0 |
               +--------+--------+--------+--------+--------+-----+--------+

Top non-repeatable levels by time:
     D:1: 1354 daAuts
     D:4: 1258 daAuts
     D:5: 1168 daAuts
     D:3: 1133 daAuts
     D:2: 1028 daAuts
     D:6: 363 daAuts
  Temple: 57 daAuts

Levels and vault maps discovered:
D:1:      sevenhm_arrival_forest_fort_small_4, layout_loops_corners,
          serial_shops, nicolae_shop_trees, minmay_pentomino_v4
D:2:      layout_rooms, ebering_ecumenical_altar_ruins, basic_altar,
          hangedman_decor_slide_cut, roderic_serpentine_path, minmay_liquid_box,
          wander_ebering_terrifying_dragon_lair, uniq_robin
D:3:      layout_basic, gammafunk_temple_overflow_elements,
          ebering_ghost_sewer_f
D:4:      layout_loops_ring, minmay_temple_entry_offerings, uniq_eustachio
D:5:      layout_basic, marbit_many_paths, uniq_crazy_yiuf_cottage, uniq_ijyb,
          uniq_blork_the_orc
D:6:      layout_layer_cave, minivault_24, kb_rosetta, uniq_pikel
Temple:   hellmonk_temple_divided_pantheon

Table legend: (Time is in decaauts)
 A = Elapsed time spent in this place.
 B = Non-inter-level travel time spent in this place.
 C = Inter-level travel time spent in this place.
 D = Time resting spent in this place.
 E = Time spent auto-exploring this place.
 F = Levels seen in this place.
 G = Mean time per level.
                   A        B        C        D        E       F      G
               +--------+--------+--------+--------+--------+-----+--------+
         Total |   6363 |   5737 |    626 |      0 |   4496 |   7 |  909.0 |
       Dungeon |   6305 |   5693 |    612 |      0 |   4496 |   6 | 1050.8 |
        Temple |     57 |     43 |     14 |      0 |      0 |   1 |   57.0 |
               +--------+--------+--------+--------+--------+-----+--------+

Top non-repeatable levels by time:
     D:1: 1354 daAuts
     D:4: 1258 daAuts
     D:5: 1168 daAuts
     D:3: 1133 daAuts
     D:2: 1028 daAuts
     D:6: 363 daAuts
  Temple: 57 daAuts

Table legend:
 A = Kills in this place as a percentage of kills in the entire game.
 B = Kills by you in this place as a percentage of kills by you in the entire game.
 C = Kills by friends in this place as a percentage of kills by friends in the entire game.
 D = Other kills in this place as a percentage of other kills in the entire game.
 E = Experience gained in this place as a percentage of experience gained in the entire game.
 F = Experience gained in this place divided by the number of levels of this place that you have seen.
                   A       B       C       D       E      F
               +-------+-------+-------+-------+-------+----------------------
         Total | 100.0 | 100.0 | 100.0 |   N/A | 100.0 | 262.9
       Dungeon | 100.0 | 100.0 | 100.0 |   N/A | 100.0 | 306.7
               +-------+-------+-------+-------+-------+----------------------
